Map: Chemiewerk LE

Players

Joojo - Winner!

  • Race: Zerg Zerg
  • League: Platinum
  • Spawn Location: 5:00

Ender

  • Race: Terran Terran
  • League: Platinum
  • Spawn Location: 11:00

VOD

Have the link to the VOD?

Description

Meme + analysis combo would be nice c:

Time

  • Played on: Aug. 23, 2018, 5:14 p.m.
  • Length: 35:54
Show
View Real Time Build Order
Export as new Build Order

Joojo Zerg - Winner!

Build Orders: Hatch First 

Get SALT Encoding   

  12  0:01  Drone  
  13  0:12  Overlord  
  13  0:19  Drone  
  14  0:31  Drone x2  
  14  0:35  Drone  
  17  0:53  Hatchery  
  17  0:56  Drone  
  17  0:59  Drone  
  18  1:15  Extractor  
  18  1:16  Spawning Pool  
  18  1:18  Drone  
  17  1:21  Drone  
  18  1:28  Drone  
  19  1:40  Overlord  
  19  1:56  Overlord  
  19  2:02  Queen  
  19  2:04  Zergling x2  
  19  2:05  Queen  
  19  2:07  Zergling x2  
  25  2:16  Metabolic Boost  
  25  2:21  Zergling x2  
  26  2:29  Drone  
  28  2:30  Drone  
  28  2:31  Drone  
  29  2:56  Hatchery  
  28  3:02  Drone x5  
  28  3:03  Drone  
  34  3:06  Queen  
  36  3:14  Queen  
  36  3:19  Overlord  
  38  3:28  Zergling x6  
  38  3:33  Drone  
  42  3:35  Baneling Nest  
  42  3:40  Roach Warren  
  41  3:41  Extractor  
  41  3:44  Queen  
  42  3:53  Queen  
  44  3:57  Drone  
  44  3:58  Drone x2  
  44  4:00  Drone  
  48  4:06  Zergling x4  
  48  4:09  Drone  
  51  4:36  Roach x3  
  57  4:39  Drone  
  58  4:58  Overlord, Extractor  
  58  4:59  Overlord  
  57  5:12  Lair  
  57  5:16  Queen  
  57  5:20  Baneling Nest, Drone  
  59  5:23  Drone x5  
  64  5:31  Roach  
  64  5:32  Roach x4  
  73  5:45  Overlord  
  73  5:46  Overlord  
  73  6:02  Overlord x2  
  73  6:20  Drone x4  
  73  6:21  Drone  
  73  6:22  Drone x2  
  73  6:23  Drone  
  73  6:25  Spore Crawler  
  80  6:26  Spore Crawler  
  80  6:29  Spore Crawler  
  80  6:30  Hydralisk Den, Drone x12  
  89  6:33  Extractor  
  89  6:38  Zergling x2  
  89  6:39  Zergling x4  
  91  6:49  Spine Crawler x2  
  91  6:53  Spine Crawler  
  88  6:57  Ravager  
  88  6:59  Overlord x2  
  87  7:36  Roach  
  79  7:37  Roach x13  
  105  8:03  Baneling  
  105  8:04  Baneling x3  
  105  8:05  Centrifical Hooks  
  105  8:07  Muscular Augments  
  105  8:29  Zergling x2  
  105  8:31  Hatchery  
  105  8:32  Overlord x3  
  105  8:33  Overlord  
  105  8:34  Overlord x3  
  105  8:40  Pneumatized Carapace  
  105  8:48  Queen, Evolution Chamber  
  105  8:50  Evolution Chamber  
  105  8:55  Zergling x2  
  106  8:56  Zergling x2  
  106  8:59  Zergling x2  
  108  9:18  Grooved Spines  
  108  9:19  Infestation Pit  
  108  9:22  Drone x5  
  108  9:24  Zergling x12  
  117  9:44  Baneling x2  
  117  9:45  Baneling x3  
  116  9:46  Hydralisk, Zergling x16  
  116  9:47  Hydralisk x11, Roach x2  
  151  10:02  Zergling x4  
  151  10:06  Zergling x4  
  155  10:07  Overlord x2  
  155  10:11  Zerg Melee Weapons Level 1  
  155  10:12  Zerg Missile Weapons Level 1  
  117  10:52  Drone x7  
  117  10:53  Drone  
  117  10:54  Drone x3  
  128  10:58  Zergling x2  
  128  10:59  Zergling x6  
  128  11:01  Baneling x2  
  128  11:02  Baneling x2  
  128  11:03  Neural Parasite  
  132  11:04  Glial Reconstitution  
  132  11:10  Hive  
  132  11:13  Zergling x2  
  132  11:14  Zergling x18  
  132  11:17  Overlord x3  
  142  11:32  Baneling x3  
  142  11:33  Baneling  
  141  11:44  Zergling x2  
  141  11:45  Zergling x2  
  141  11:46  Zergling x4  
  143  11:49  Hydralisk  
  143  11:50  Hydralisk x4  
  153  11:58  Baneling x10  
  153  11:59  Baneling x3  
  153  12:08  Drone x2  
  153  12:09  Drone  
  153  12:11  Extractor, Drone  
  153  12:12  Drone x2  
  153  12:13  Extractor  
  153  12:14  Drone x3  
  160  12:17  Drone x4  
  164  12:24  Zergling x2  
  164  12:25  Zergling x8  
  169  12:31  Zerg Missile Weapons Level 2  
  169  12:32  Zerg Ground Armor Level 1  
  169  12:37  Ultralisk Cavern  
  169  12:40  Baneling x3  
  169  12:43  Baneling  
  168  12:47  Baneling x2  
  168  12:51  Zergling x4  
  168  13:08  Baneling x2  
  168  13:27  Hatchery  
  168  13:28  Adrenal Glands  
  167  13:35  Overlord x3  
  167  13:36  Overlord x2  
  165  13:42  Zergling x4  
  165  13:44  Hatchery  
  164  13:51  Zergling x4  
  164  13:53  Baneling x4  
  164  13:55  Baneling x2  
  166  14:25  Zergling x14  
  166  14:26  Zergling x6  
  166  14:27  Ultralisk x4  
  166  14:29  Chitinous Plating  
  200  14:32  Zerg Ground Armor Level 2  
  198  15:00  Zergling x2  
  116  15:28  Hydralisk  
  116  15:29  Hydralisk x11  
  116  15:30  Zergling x18  
  116  15:31  Hydralisk, Ultralisk x2  
  154  15:42  Zergling x2  
  154  15:43  Zergling x10  
  154  15:44  Zergling x44  
  148  16:21  Queen x5  
  158  16:33  Extractor  
  157  16:41  Baneling x13  
  157  16:42  Baneling, Hydralisk  
  157  16:43  Hydralisk x15  
  189  16:54  Hatchery  
  189  16:55  Baneling, Hatchery  
  189  16:56  Baneling x9, Extractor  
  139  17:25  Zergling x2  
  139  17:26  Zergling x20  
  139  17:27  Ultralisk x2  
  139  17:29  Extractor  
  161  17:31  Zergling x2  
  161  17:32  Zergling x36  
  161  17:33  Zergling x8  
  161  17:37  Zergling x4  
  185  18:03  Baneling x12  
  185  18:04  Baneling x9  
  185  18:12  Queen  
  187  18:25  Drone x2  
  187  18:27  Drone  
  187  18:28  Drone  
  189  18:38  Extractor  
  185  18:49  Zergling x2  
  185  18:50  Zergling x28  
  185  18:51  Zergling x18  
  172  19:04  Zergling x2  
  172  19:05  Zergling x12  
  152  19:15  Ultralisk  
  152  19:16  Ultralisk x2  
  147  19:36  Extractor  
  146  19:42  Baneling x8  
  146  19:43  Baneling x11, Hydralisk  
  146  19:44  Hydralisk x6  
  160  19:59  Hatchery  
  159  20:14  Zerg Ground Armor Level 3  
  159  20:15  Zerg Melee Weapons Level 2  
  159  20:35  Drone x3  
  162  20:36  Drone  
  162  20:37  Drone x7  
  162  20:38  Extractor, Drone x2  
  162  20:42  Hydralisk x5  
  171  20:43  Hydralisk  
  181  20:51  Extractor  
  180  21:00  Spore Crawler, Extractor  
  180  21:02  Spine Crawler  
  180  21:03  Zergling x6  
  149  21:20  Zergling x20  
  149  21:21  Zergling x12  
  159  21:43  Drone x3  
  159  21:44  Hydralisk x5, Zergling x4  
  174  22:06  Drone  
  174  22:07  Drone x5  
  180  22:13  Hatchery  
  177  22:38  Hydralisk, Zergling x2  
  177  22:39  Zergling x16, Hydralisk x5  
  198  22:51  Baneling x9  
  170  22:52  Baneling, Hydralisk  
  170  22:53  Hydralisk x10  
  170  22:54  Zergling x2  
  170  22:56  Baneling x2  
  170  22:57  Baneling x3  
  193  23:20  Zerg Melee Weapons Level 3  
  193  23:21  Ultralisk  
  199  23:30  Extractor  
  151  23:42  Zergling x2, Ultralisk x4  
  151  23:43  Zergling x8  
  144  24:05  Ultralisk x2  
  156  24:15  Hatchery  
  155  24:18  Extractor  
  155  24:20  Spire  
  155  24:23  Hydralisk  
  155  24:24  Hydralisk x5, Zergling x2  
  166  24:39  Extractor  
  166  24:45  Baneling x2  
  165  24:56  Drone  
  166  25:03  Drone x5  
  164  25:48  Mutalisk, Hydralisk  
  164  25:49  Mutalisk x17  
  200  26:21  Hatchery  
  158  26:56  Mutalisk  
  158  26:57  Mutalisk x14  
  166  27:37  Spire  
  157  27:49  Mutalisk  
  157  27:50  Mutalisk x6  
  157  27:51  Mutalisk  
  155  27:58  Zergling x4  
  155  27:59  Zergling x24  
  155  28:00  Zergling x6  
  155  28:03  Drone x3  
  169  28:21  Hatchery  
  164  28:33  Drone x3  
  164  28:34  Drone x4  
  171  28:41  Extractor  
  169  28:48  Mutalisk  
  169  28:49  Mutalisk x10  
  178  29:02  Hatchery  
  172  29:06  Drone x2  
  172  29:07  Drone x5  
  179  29:13  Hatchery  
  178  29:19  Zergling x2  
  178  29:20  Zergling x12  
  171  29:33  Overlord x3  
  122  30:06  Zergling x22  
  122  30:07  Zergling x30  
  146  30:31  Spine Crawler x2  
  146  30:32  Drone x7  
  146  30:33  Drone x8  
  134  30:45  Zergling x18  
  134  30:46  Zergling x2  
  136  30:55  Viper x2  
  136  30:56  Viper x2  
  145  31:07  Drone x3  
  148  31:18  Infestor  
  148  31:19  Infestor x2  
  148  31:20  Roach  
  148  31:23  Burrow  
  156  31:27  Infestor x3  
  157  31:46  Hydralisk  
  157  31:47  Hydralisk x4  
  157  31:48  Ultralisk x3  
  157  31:53  Baneling  
  157  31:54  Baneling x10  
  166  32:04  Drone x2  
  166  32:05  Drone  
  140  32:20  Hydralisk x3  
  140  32:21  Hydralisk x11  
  144  32:25  Overlord x2  
  124  32:53  Zergling x2  
  124  32:54  Zergling x24  
  115  33:04  Zergling x4  
  88  33:13  Queen x3  
  88  33:14  Queen x2  
  88  33:23  Zergling x2  
  88  33:24  Zergling x18  
  93  33:28  Drone x3  
  85  33:57  Queen  
  86  34:09  Zergling x2, Hydralisk x5  
  89  34:10  Hydralisk x2, Ultralisk  
  89  34:11  Ultralisk x5  
  134  34:24  Extractor  
  131  34:25  Hydralisk x8  
  131  34:26  Hydralisk x2  
  108  35:10  Zergling x26  
  102  35:31  Hatchery  
Show
View Real Time Build Order
Export as new Build Order

Ender Terran 

Build Orders: Reaper Expand, Mech 

Get SALT Encoding   

  12  0:00  SCV  
  13  0:12  SCV  
  14  0:18  Supply Depot  
  14  0:25  SCV  
  15  0:40  SCV  
  15  0:42  Barracks  
  16  0:46  Refinery  
  16  0:52  SCV  
  16  0:56  Refinery  
  17  1:04  SCV  
  18  1:16  SCV  
  19  1:29  Orbital Command  
  19  1:31  Reaper  
  20  1:55  Command Center  
  20  1:59  SCV  
  21  2:10  Supply Depot  
  21  2:17  SCV  
  22  2:23  Factory  
  22  2:29  SCV, Barracks Reactor  
  23  2:41  SCV  
  24  2:55  Factory  
  24  2:56  SCV  
  25  3:06  Armory  
  25  3:08  SCV  
  26  3:17  Hellion x2  
  26  3:18  Barracks Tech Lab  
  30  3:24  Orbital Command  
  30  3:29  SCV  
  31  3:36  Refinery  
  31  3:39  Hellion  
  33  3:41  SCV  
  33  3:44  Hellion  
  36  3:50  SCV  
  37  4:01  Starport, SCV  
  38  4:07  Siege Tank  
  41  4:12  Hellion  
  43  4:24  SCV  
  43  4:25  SCV  
  43  4:31  Refinery  
  45  4:36  SCV  
  46  4:41  Terran Vehicle Weapons Level 1  
  46  4:45  Supply Depot  
  46  4:59  Starport Reactor  
  46  5:07  Siege Tank, Hellbat x2  
  46  5:09  Supply Depot  
  46  5:10  SCV  
  46  5:11  Factory  
  46  5:13  Factory  
  54  5:31  SCV, Hellbat  
  57  5:39  Siege Tank  
  57  5:42  SCV  
  61  5:52  Supply Depot  
  61  5:54  Supply Depot, Viking x2  
  61  5:55  Armory, SCV  
  66  5:59  SCV  
  66  6:01  Engineering Bay, Factory Tech Lab  
  67  6:04  Factory Reactor  
  67  6:09  Hellbat  
  69  6:11  SCV  
  70  6:29  Siege Tank  
  70  6:31  Siege Tank  
  76  6:34  Hellion  
  76  6:35  SCV  
  76  6:39  Supply Depot  
  79  6:46  Viking  
  81  6:58  Hellbat  
  81  6:59  Hellbat  
  87  7:01  Hellbat  
  87  7:13  Supply Depot x2  
  71  7:44  Hellbat x3  
  71  7:45  Siege Tank x2, Hellbat  
  71  8:05  Hellbat  
  75  8:06  Hellbat  
  75  8:07  Sensor Tower  
  75  8:18  Command Center  
  75  8:20  Sensor Tower  
  75  8:22  SCV x2  
  77  8:29  Supply Depot  
  77  8:34  SCV  
  78  8:38  Thor  
  84  8:42  SCV  
  84  8:46  SCV  
  86  8:54  SCV  
  87  8:58  SCV  
  87  9:02  Terran Vehicle Weapons Level 2, Missile Turret x2  
  88  9:05  Terran Vehicle And Ship Armor Level 1  
  88  9:06  SCV  
  88  9:09  Hellbat x3  
  95  9:10  SCV  
  95  9:13  Viking  
  95  9:15  Viking  
  100  9:18  SCV  
  101  9:25  Thor  
  107  9:34  Siege Tank  
  107  9:36  Hellbat x3  
  116  9:39  SCV x2  
  119  9:46  Planetary Fortress  
  110  9:52  SCV  
  110  9:54  SCV  
  111  10:01  Missile Turret  
  111  10:03  Missile Turret  
  111  10:04  SCV  
  111  10:06  SCV  
  113  10:17  SCV  
  113  10:18  SCV  
  115  10:25  Missile Turret  
  115  10:31  Hellbat  
  115  10:32  Siege Tank, Hellbat x4  
  90  10:52  SCV  
  90  10:53  Siege Tank, SCV  
  90  10:55  SCV  
  96  11:03  Liberator x2  
  96  11:04  SCV  
  96  11:05  Missile Turret x2, SCV  
  96  11:06  Missile Turret  
  96  11:07  SCV  
  96  11:08  Refinery  
  96  11:10  Refinery  
  99  11:14  Siege Tank  
  99  11:15  Hellbat x3  
  114  11:28  Starport  
  114  11:36  SCV x2, Factory  
  114  11:38  Factory  
  116  11:40  Factory  
  116  12:03  Terran Vehicle Weapons Level 3  
  116  12:05  Terran Vehicle And Ship Armor Level 2  
  116  12:06  Liberator  
  116  12:10  Command Center  
  116  12:22  SCV  
  117  12:26  Hellbat x3  
  117  12:27  Hellbat  
  117  12:28  Hellbat  
  130  12:30  Factory Tech Lab  
  130  12:32  Factory Reactor  
  130  12:41  Factory Tech Lab  
  130  12:42  SCV x2  
  132  12:50  Supply Depot  
  132  12:52  Supply Depot  
  132  12:55  Supply Depot  
  132  12:56  SCV  
  133  12:58  Refinery  
  133  13:02  SCV  
  130  13:11  Thor  
  130  13:12  Starport Reactor  
  136  13:16  Thor  
  136  13:17  Thor  
  136  13:18  Siege Tank  
  136  13:19  Hellbat  
  153  13:21  SCV  
  153  13:22  SCV  
  153  13:23  SCV  
  153  13:25  Refinery  
  157  13:30  Planetary Fortress  
  156  13:35  Missile Turret  
  156  13:36  Missile Turret, SCV  
  156  13:37  Missile Turret  
  156  13:39  Missile Turret  
  157  13:44  Sensor Tower  
  150  13:51  SCV x3  
  151  14:03  Siege Tank x2, Thor, SCV x3  
  151  14:06  SCV  
  167  14:13  Supply Depot  
  167  14:15  SCV x2  
  172  14:24  Siege Tank  
  172  14:34  SCV x2, Hellbat x3  
  180  14:39  Starport Tech Lab  
  180  14:41  Starport  
  180  15:07  Supply Depot  
  180  15:08  Supply Depot  
  180  15:09  Supply Depot  
  180  15:10  Supply Depot  
  180  15:19  Siege Tank x3, SCV x2, Hellbat x2  
  180  15:20  SCV x2, Hellbat x3  
  180  15:21  Siege Tank, Hellbat  
  147  15:32  SCV  
  148  15:35  Raven  
  148  15:41  Hellbat  
  148  15:42  Hellbat x4  
  160  15:51  Siege Tank  
  152  16:08  Hellbat x3  
  152  16:10  Liberator x2  
  134  16:13  Hellbat x2  
  134  16:18  Raven  
  119  16:20  Hellbat x3  
  119  16:21  Hellbat  
  119  16:23  Hellbat  
  137  16:33  SCV x3  
  140  16:41  Siege Tank x2  
  140  16:42  Siege Tank  
  140  16:44  Siege Tank  
  152  16:49  SCV  
  152  16:50  SCV  
  154  16:57  SCV  
  154  16:58  SCV  
  154  17:00  Hellbat x5  
  166  17:06  Command Center  
  152  17:13  Siege Tank x2  
  133  17:18  Siege Tank x2  
  133  17:19  Hellbat  
  133  17:21  Hellbat x2  
  133  17:22  Liberator x2  
  127  17:35  Terran Vehicle And Ship Armor Level 3  
  127  17:36  Terran Ship Weapons Level 1  
  133  17:44  Viking  
  133  17:45  Siege Tank, Viking  
  133  17:46  Siege Tank  
  143  18:06  SCV  
  143  18:07  SCV x2  
  146  18:20  Siege Tank x3  
  146  18:22  Siege Tank  
  146  18:23  Hellbat x4  
  146  18:24  Hellbat x2  
  146  18:26  SCV  
  101  19:17  Command Center  
  101  19:21  Siege Tank x2  
  101  19:23  Siege Tank x2  
  117  19:24  Hellbat x2  
  117  19:51  Hellbat x2  
  117  19:52  Hellbat x3  
  127  20:05  Siege Tank x3  
  136  20:08  Hellbat  
  138  20:31  Terran Ship Weapons Level 2  
  138  20:34  Hellbat  
  138  20:35  Hellbat x2  
  146  20:36  Hellbat x2  
  148  20:52  Siege Tank  
  148  20:53  Hellbat  
  148  20:54  Hellbat x3  
  148  20:56  Hellbat x2  
  167  20:57  Hellbat x3  
  167  21:00  Command Center  
  169  21:15  Hellbat x3  
  122  21:31  Siege Tank, Liberator  
  131  21:32  Hellbat  
  131  21:33  Hellbat x3  
  131  21:34  Command Center  
  131  21:37  Infernal Pre-Igniter  
  131  21:39  Hellbat x2  
  137  21:40  Siege Tank x2  
  146  21:57  Hellbat  
  146  21:58  Hellbat x2  
  146  22:00  SCV  
  153  22:14  Sensor Tower  
  153  22:21  Planetary Fortress  
  136  22:53  Siege Tank x2  
  142  23:16  Hellbat x2  
  142  23:17  Hellbat x2  
  142  23:18  Hellbat x4, Command Center  
  158  23:22  Command Center  
  124  23:46  Siege Tank x2  
  124  23:47  Hellbat  
  124  23:48  Hellbat x2  
  119  24:22  Hellbat x4  
  127  24:24  Refinery  
  127  24:26  Refinery  
  127  24:33  SCV  
  127  24:34  SCV  
  127  24:36  Planetary Fortress  
  127  24:37  Missile Turret  
  131  24:38  Hellbat  
  131  24:44  Raven  
  133  24:54  Planetary Fortress  
  133  25:28  Siege Tank, Hellbat x3  
  139  25:29  Siege Tank  
  139  25:34  Siege Tank, Hellbat  
  139  25:35  Hellbat x2  
  154  25:44  Liberator  
  154  25:58  Hellbat x4  
  154  25:59  Siege Tank  
  168  26:05  Hellbat x4  
  168  26:06  SCV x3, Hellbat  
  181  26:19  Hellbat x2  
  181  26:20  Hellbat  
  187  26:26  Siege Tank x2  
  187  26:27  Hellbat x3  
  159  26:51  Viking x4  
  123  27:11  Missile Turret  
  123  27:14  Missile Turret  
  123  27:15  Missile Turret  
  123  27:19  Missile Turret  
  122  27:27  Thor x2  
  139  27:30  Hellbat x8  
  142  27:51  Hellion x6  
  136  27:53  Hellion  
  136  27:54  Thor, Hellion  
  94  28:43  Thor x2  
  94  28:44  Hellbat x2  
  94  28:45  Hellbat x4  
  116  28:58  Thor  
  108  29:09  Hellbat  
  110  30:12  Thor  
  122  30:14  Hellbat  
  122  30:15  Hellbat x3  
  122  30:16  Hellbat x3  
  131  30:26  Hellbat  
  131  30:36  Hellbat x3  
  137  30:47  Hellbat  
  106  31:11  Command Center  
  106  31:13  Hellbat x5  
  54  33:02  Hellbat x5  
  54  33:03  Hellbat x2  
  58  33:21  Hellbat  
  58  33:23  Hellbat x2  
  58  33:24  Hellbat  
  58  33:25  Hellbat  
  58  33:26  Hellbat  
  66  33:48  Hellbat  
  66  33:49  Hellbat x2  
  58  34:07  Orbital Command  
  58  34:25  Hellbat x4  
  63  35:11  Hellbat x6  
  39  35:26  Hellbat  
  39  35:27  SCV  
Tags
 
Add a new tag
Caveats
  • Supply blocks, unpowered buildings, or Contaminate may cause inaccurate times.
  • Supply counts are checked every 10 seconds.